 Dungeon Crawl Stone Soup version 0.22-a0-558-gc224181 (webtiles) character file.

21 kae the Insei (level 2, 0/21 HPs)
             Began as a Demonspawn Transmuter on June 26, 2018.
             Slain by a kobold
             ... wielding a +0 short sword
              (1 damage)
             ... on level 1 of the Dungeon.
             The game lasted 00:00:29 (544 turns).

kae the Insei (Demonspawn Transmuter)                Turns: 544, Time: 00:00:29

Health: 0/21       AC:  2    Str: 10    XL:     2   Next: 62%
Magic:  1/5        EV: 12    Int: 14    God:
Gold:   48         SH:  0    Dex: 13    Spells: 2/5 levels left

rFire    . . .     SeeInvis .     - Unarmed
rCold    . . .     Gourm    .   (no shield)
rNeg     . . .     Faith    .   b - +0 robe
rPois    .         Spirit   .   (helmet restricted)
rElec    .         Reflect  .   (no cloak)
rCorr    .         Harm     .   (no gloves)
MR       .....                  (boots currently unavailable)
Stlth    +.........             (no amulet)
HPRegen  0.07/turn              (no ring)
MPRegen  0.09/turn              (no ring)

@: appendage (expiring), very slightly contaminated
A: horns 1, talons 3
a: End Transformation


You were on level 1 of the Dungeon.
You were not hungry.
You had grown temporary talons.
You visited 1 branch of the dungeon, and saw 1 of its levels.

You collected 48 gold pieces.

Inventory:

Missiles
 a - 10 arrows
Armour
 b - a +0 robe (worn)
Scrolls
 c - a scroll of enchant weapon {unknown}
 e - a scroll of teleportation {unknown}
 h - a scroll of amnesia {unknown}
Potions
 f - a potion of brilliance {unknown}
Comestibles
 d - 2 rations
 g - 2 chunks of flesh


   Skills:
 + Level 1.4 Fighting
 - Level 1.7 Dodging
 * Level 3.0 Unarmed Combat
 + Level 2.1 Spellcasting
 * Level 2.2 Transmutations


You had 2 spell levels left.
You knew the following spells:

 Your Spells              Type           Power        Failure   Level  Hunger
a - Beastly Appendage     Tmut           #.....       10%         1    #......
b - Sticks to Snakes      Tmut           #.......     14%         2    ###....

Your spell library contained the following spells:

 Spells                   Type           Power        Failure   Level  Hunger
 Spider Form              Tmut/Pois      #.........   41%         3    ###....
 Blade Hands              Tmut           #.........   95%         5    ######.
 Ice Form                 Ice/Tmut       #.......     83%         4    #####..


Dungeon Overview and Level Annotations

Branches:
Dungeon (1/15)

Altars:


Innate Abilities, Weirdness & Mutations

You have a pair of small horns on your head.
You have claws for feet.


Message History

* * * LOW HITPOINT WARNING * * *
Things that are here:
a sapphire potion; a goblin corpse
There is an open door here.
You miss the bat. The bat completely misses you.
You barely miss the bat. The bat hits you.
* * * LOW HITPOINT WARNING * * *
You completely miss the kobold. The kobold hits you with a short sword.
* * * LOW HITPOINT WARNING * * *
Casting: Beastly Appendage (safe; 10% risk of failure)
Confirm with . or Enter, or press ? or * to list all spells.
You miscast Sticks to Snakes.
You are very lightly contaminated with residual magic.
Multicoloured lights dance before your eyes!
The kobold barely misses you.
Casting: Sticks to Snakes (safe; 14% risk of failure)
Confirm with . or Enter, or press ? or * to list all spells.
You create a snake!
You now have 10 arrows.
The kobold hits you with a short sword.
You die...

#.#######.# #.# #.#
####.# #.#####.# #....#
#####.......#
#....###.......#######
+......'..†....'....>#
####...##.#.....S.#######
........)..+.......#
##########.#...@...#
#######.# #.####K####
........# #.# #g#
#######.###.##..b.......
###........#.#........
###.....###..#.#........
.###.........# #........
...#.#####...# #........
..##.##......# #........


You could see a goblin, a bat, a kobold and a friendly adder.

Vanquished Creatures
  An ooze (D:1)
  3 bats (D:1)
  4 goblins (D:1)
  2 hobgoblins (D:1)
  2 kobolds (D:1)
  A ball python (D:1)
  A frilled lizard (D:1)
  A rat (D:1)
15 creatures vanquished.

Notes
Turn   | Place    | Note
-------+----------+-------------------------------------------
     0 | D:1      | kae the Demonspawn Transmuter began the quest for the Orb.
     0 | D:1      | Reached XP level 1. HP: 15/15 MP: 3/3
   331 | D:1      | Gained mutation: You have a pair of small horns on your head. [demonic ancestry]
   331 | D:1      | Reached XP level 2. HP: 16/21 MP: 5/5
   335 | D:1      | Learned a level 2 spell: Sticks to Snakes
   503 | D:1      | Reached skill level 3 in Unarmed Combat
   541 | D:1      | HP: 1/21 [kobold/short sword (2)]
   544 | D:1      | Slain by a kobold

Vault maps used:
D:1:      lightli_molten_gateway, minmay_rat_gold_closets

Skill      XL: |  1  2 |
---------------+-------+-----
Transmutations | 2 |  2.2
Unarmed Combat | 3 |  3.0
Fighting       | |  1.4
Dodging        | |  1.7
Spellcasting   | |  2.1

Action                   || total
-------------------------++-------
Melee: Unarmed           ||    46
       Headbutt          ||     4
       Kick              ||     3
 Cast: Beastly Appendage ||     6
       Sticks to Snakes  ||     2
 Stab: Sleeping          ||     1
Armor: Robe              ||    13
Dodge: Dodged            ||    35

Table legend:
 A = Spawn XP
 B = Non-spawn XP
 C = Spawn XP percentage of total XP
 D = Spawn monster count
 E = Non-spawn monster count
 F = Spawn count percentage of total count
 G = Total turns spent on level
                    A         B        C        D         E        F      G
               +---------+---------+-------+---------+---------+-------+---------
         Total |       0 |      30 |   0.0 |       0 |      15 |   0.0 |   544
               +---------+---------+-------+---------+---------+-------+---------
           D:1 |       0 |      30 |   0.0 |       0 |      15 |   0.0 |   544
               +---------+---------+-------+---------+---------+-------+---------
